 Dungeon Crawl Stone Soup version 0.14-a0-2474-g7d54a28 (webtiles) character file.

127 Bloax the Covered (level 4, 0/31 HPs)
             Began as a Formicid Fighter on Feb 8, 2014.
             Slain by an adder (4 damage)
             ... on Level 3 of the Dungeon.
             The game lasted 00:02:45 (769 turns).

Bloax the Covered (Formicid Fighter)                 Turns: 769, Time: 00:02:45

HP   0/31        AC 12     Str 21      XL: 4   Next: 31%
MP   4/4         EV  5     Int  7      God:
Gold 74          SH 18     Dex 11      Spells:  0 memorised,  3 levels left

rFire  . . .     SeeInvis +     a - +0 mace
rCold  . . .     Clarity  .     g - +2 chain mail
rNeg   . . .     Conserve .     c - +0 shield
rPois  x         rCorr    .     (helmet unavailable)
rElec  .         rRot     .     (no cloak)
SustAb . .       Spirit   .     (no gloves)
rMut   .         Warding  .     (no boots)
Saprov . . .     Stasis   +     (no amulet)
MR     .....                    (no ring)
                                (no ring)

@: mildly poisoned, not resistant to hostile enchantments, extremely unstealthy
A: permanent stasis, dig shafts and tunnels, four strong arms, poison weakness,
antennae 3, exoskeleton 1
a: Dig, Shaft Self


You were on level 3 of the Dungeon.
You were not hungry.

You visited 1 branch of the dungeon, and saw 3 of its levels.

You collected 74 gold pieces.


Innate Abilities, Weirdness & Mutations

Your are under a permanent stasis effect.
You can dig through walls and to a lower floor.
Your four strong arms can wield any weapon, most with a shield.
You are susceptible to poison.
You have a pair of large antennae on your head (SInv).
Your body is surrounded by an exoskeleton. (AC +1)


   Skills:
 - Level 3.0 Fighting
 * Level 3.4 Maces & Flails
 + Level 4.4 Armour
 - Level 3.0 Shields


You had 3 spell levels left.
You didn't know any spells.

Dungeon Overview and Level Annotations

Branches:
Dungeon (3/16)

Altars:

Inventory:

Hand weapons
 a - a +0,+0 mace (weapon)
Armour
 c - a +0 shield (worn)
 g - a +2 chain mail (worn)
   (You took it off Terence on level 2 of the Dungeon)
Comestibles
 d - 2 bread rations
 h - a banana
 i - a meat ration
 j - a pear
Scrolls
 e - a scroll of identify {unknown}
 f - a scroll of enchant weapon II {unknown}

# ###### .
#......
.##......#
........#
#####.......#
#.>.........# .
#......S....#.#
#.....@### ..#.
#........+
.....
#!....%<##...#
##....#b.....#
#.######....#
#. ....... #
.#..... .#.....
.# ###


You could see an adder and a bat.


Message History

You swing at nothing.
You swing at nothing.
You swing at nothing.
You swing at nothing.
You swing at nothing.
You swing at nothing.
You swing at nothing.
You swing at nothing.
You swing at nothing.
You swing at nothing.
You swing at nothing.
You swing at nothing.
You swing at nothing.
You swing at nothing.
You swing at nothing.
You swing at nothing.
You swing at nothing.
A giant cockroach comes into view.
You swing at nothing.
You swing at nothing.
You swing at nothing.
You swing at nothing.
You block the giant cockroach's attack.
The giant cockroach bites you but does no damage.
You swing at nothing.
The giant cockroach bites you but does no damage.
The giant cockroach bites you.
* * * LOW HITPOINT WARNING * * *
You swing at nothing.
You block the giant cockroach's attack. The giant cockroach bites you.
* * * LOW HITPOINT WARNING * * *
You swing at nothing.
The giant cockroach bites you but does no damage.
Wield which item (- for none, * to show all)? (? for menu, Esc to quit)
a - a +0,+0 mace (weapon)
The giant cockroach bites you but does no damage.
You closely miss the giant cockroach.
The giant cockroach bites you but does no damage.
You hit the giant cockroach.
The giant cockroach is moderately wounded.
You block the giant cockroach's attack.
You hit the giant cockroach.
The giant cockroach is almost dead.
The giant cockroach bites you.
* * * LOW HITPOINT WARNING * * *
You block the giant cockroach's attack.
You hit the giant cockroach.
You kill the giant cockroach!
A bat and an adder come into view.
You block the adder's attack.
Found a scroll labeled THRORA SENEI.
You hit the adder.
The adder is moderately wounded.
You block the adder's attack. The bat hits you but does no damage.
You block the adder's attack. The bat hits you but does no damage.
You miss the adder.
The adder is moderately wounded.
You block the bat's attack. The adder bites you but does no damage.
The adder barely misses you.
You closely miss the adder.
The adder is lightly wounded.
The bat hits you but does no damage. The adder bites you.
* * * LOW HITPOINT WARNING * * *
The adder bites you.
* * * LOW HITPOINT WARNING * * *
You are poisoned.
The adder poisons you!
You barely miss the adder.
The adder is lightly wounded.
The bat hits you but does no damage. The adder bites you.
You die...

Action                   |  1- 3 |  4- 6 || total
-------------------------+-------+-------++-------
Melee: Mace              |    93 |     9 ||   102
  Use: Potion            |     1 |       ||     1

Vault maps used:
D:1:      elethiomel_arrival_quiet, minmay_bisected
D:2:      uniq_sigmund, uniq_terence
D:3:      hangedman_abyss_or_decor_lesser_grid, uniq_grinder

Notes
Turn   | Place    | Note
--------------------------------------------------------------
     0 | D:1      | Bloax, the Formicid Fighter, began the quest for the Orb.
     0 | D:1      | Reached XP level 1. HP: 16/16 MP: 1/1
    65 | D:1      | Reached XP level 2. HP: 17/21 MP: 2/2
   105 | D:1      | HP: 5/21 [poisoned by an adder]
   114 | D:1      | HP: 4/21 [poisoned by an adder]
   123 | D:1      | HP: 3/21 [poisoned by an adder]
   144 | D:1      | HP: 3/21 [poisoned by an adder]
   150 | D:1      | HP: 2/21 [poisoned by an adder]
   162 | D:1      | HP: 1/21 [poisoned by an adder]
   168 | D:1      | HP: 1/21 [poisoned by an adder]
   222 | D:1      | HP: 5/21 [goblin/dagger (1)]
   382 | D:1      | Reached XP level 3. HP: 16/26 MP: 3/3
   404 | D:1      | Reached skill level 3 in Maces & Flails
   412 | D:1      | Reached skill level 4 in Armour
   605 | D:2      | Noticed Terence
   627 | D:2      | HP: 6/26 [Terence/falchion (1)]
   629 | D:2      | HP: 1/26 [Terence/falchion (3)]
   637 | D:2      | Killed Terence
   698 | D:3      | HP: 5/26 [gnoll (4)]
   699 | D:3      | Reached XP level 4. HP: 5/31 MP: 4/4
   768 | D:3      | HP: 4/31 [adder (4)]
   769 | D:3      | Slain by an adder

Vanquished Creatures
  Terence (D:2)
  A gnoll (D:3)
  An adder (D:1)
  2 bats
  A giant cockroach (D:3)
  3 hobgoblins (D:1)
  4 kobolds
  A quokka (D:2)
  2 ball pythons
  A giant newt (D:1)
  3 goblins
  4 rats (D:1)
24 creatures vanquished.
